 Dungeon Crawl Stone Soup version 0.23.2-1-ga50397a (webtiles) character file.

Game seed: 11917713639658087239

29 Fang the Skirmisher (level 3, 0/24 HPs)
             Began as a Gargoyle Berserker on Apr 15, 2019.
             Was a Follower of Trog.
             Slain by a giant cockroach (1 damage)
             ... on level 2 of the Dungeon.
             The game lasted 00:00:53 (1113 turns).

Fang the Skirmisher (Gargoyle Berserker)            Turns: 1113, Time: 00:00:54

Health: 0/24       AC:  5    Str: 21    XL:     3   Next: 16%
Magic:  3/3        EV: 12    Int:  7    God:    Trog [*.....]
Gold:   62         SH:  0    Dex:  9    Spells: 2/2 levels left

rFire    . . .     SeeInvis .   a - +0 hand axe
rCold    . . .     Gourm    .   (no shield)
rNeg     + . .     Faith    .   b - +0 animal skin
rPois    ∞         Spirit   .   (no helmet)
rElec    +         Reflect  .   (no cloak)
rCorr    .         Harm     .   (no gloves)
MR       .....                  (no boots)
Stlth    +.........             (no amulet)
HPRegen  0.08/turn              (no ring)
MPRegen  0.08/turn              (no ring)

@: no status effects
A: negative energy resistance 1, electricity resistance, unbreathing,
petrification resistance, rot immunity, AC +3
a: Berserk, Renounce Religion


You were on level 2 of the Dungeon.
You worshipped Trog.
Trog was aware of your devotion.
You were hungry.

You visited 1 branch of the dungeon, and saw 2 of its levels.

You collected 62 gold pieces.

Inventory:

Hand Weapons
 a - a +0 hand axe (weapon)
Armour
 b - a +0 animal skin (worn)
Scrolls
 f - a scroll of fog {unknown}
 g - a scroll of blinking {unknown}
 h - a scroll of fear {unknown}
 i - a scroll of remove curse {unknown}
 j - a scroll of teleportation {unknown}
 k - 2 scrolls of enchant armour {unknown}
 l - a scroll of identify {unknown}
Potions
 e - a potion of heal wounds {unknown}
 m - a potion of might {unknown}
Comestibles
 c - 3 rations
 d - 4 chunks of flesh


   Skills:
 + Level 3.6 Fighting
 + Level 3.0 Axes
 + Level 2.7 Armour
 + Level 2.0 Dodging


You had 2 spell levels left.
You didn't know any spells.
Your spell library was empty.

Dungeon Overview and Level Annotations

Branches:
Dungeon (2/15)

Altars:

Annotations:
D:2 Natasha


Innate Abilities, Weirdness & Mutations

You are resistant to torment.
Your stone body is resilient. (AC +3)
You are immune to poison.
You resist negative energy. (rN+)
You are resistant to electric shocks. (rElec)
You can survive without breathing.
You are immune to petrification.
You are immune to rotting.


Message History

The giant cockroach closely misses you.
Natasha hisses angrily.
The giant cockroach closely misses you.
Natasha mumbles some strange words.
The rat closely misses you.
You hit the giant cockroach but do no damage.
You hit the rat. The giant cockroach bites you.
* * * LOW HITPOINT WARNING * * *
Natasha casts a spell.
The rat closely misses you. The giant cockroach closely misses you.
You hit the giant cockroach but do no damage.
You hit the rat.
You kill the rat!
Trog accepts your kill. The giant cockroach closely misses you.
You hit the giant cockroach but do no damage.
The giant cockroach bites you.
* * * LOW HITPOINT WARNING * * *
You barely miss the giant cockroach. The giant cockroach bites you.
You die...

....... #.. .......
#.. ....... .
#.#######....... ..
#...............
...#............5..
........)..........
........†.†).......
.##....@s..h...##
###.##....#....
#..#<...# ...
##.#....# .
#.#....# #.#....#
#.#....# #......#
######'#####


You could see an iron imp, Natasha and a giant cockroach.

Vanquished Creatures
  An adder (D:2)
  A dart slug (D:1)
  2 bats (D:1)
  2 giant cockroaches
  3 goblins
  A hobgoblin (D:2)
  2 frilled lizards
  3 kobolds
  4 rats
19 creatures vanquished.

Notes
Turn   | Place    | Note
-------+----------+-------------------------------------------
     0 | D:1      | Fang the Gargoyle Berserker began the quest for the Orb.
     0 | D:1      | Reached XP level 1. HP: 14/14 MP: 1/1
    76 | D:1      | Reached XP level 2. HP: 4/19 MP: 2/2
  1094 | D:2      | Reached XP level 3. HP: 7/23 MP: 3/3
  1107 | D:2      | Noticed Natasha
  1112 | D:2      | HP: 1/24 [giant cockroach (1)]
  1113 | D:2      | Slain by a giant cockroach

Skill      XL: |  1  2  3 |
---------------+----------+-----
Axes           | 3 |  3.0
Dodging        | 2 |  2.0
Fighting       | |  3.6
Armour         | |  2.7

Action                   || total
-------------------------++-------
Melee: Hand axe          ||    71
Armor: Animal skin       ||    32
Dodge: Dodged            ||    59
